 Dungeon Crawl Stone Soup version 0.30.1-9-gdf580d7c3d (webtiles) character file.

Game seed: 366195207488699142

185376 Nedac819 the Executioner (level 18, -5/171 HPs)
             Began as a Hill Orc Fighter on Oct 16, 2023.
             Was the Champion of Beogh.
             Slain by a vault guard
             ... wielding a +0 great sword
              (11 damage)
             ... on level 5 of the Vaults.
             The game lasted 03:01:58 (33126 turns).

Nedac819 the Executioner (Hill Orc Fighter)        Turns: 33126, Time: 03:01:59

Health: -5/171     AC: 37    Str: 31    XL:     18   Next: 44%
Magic:  22/22      EV: 12    Int: 14    God:    Beogh [******]
Gold:   538        SH: 23    Dex: 16    Spells: 17/17 levels left

rFire   . . .        P - +9 war axe (elec)
rCold   + . .        c - +3 tower shield
rNeg    + . .        G - +6 chain mail "Vaefaepati" {Int+3}
rPois   .            s - +2 helmet
rElec   +            H - +0 cloak of Ysexe {Dex+4}
rCorr   .            U - +1 pair of gloves of the Will of the Gods {*Slow rElec rN+ Int+3}
SInv    .            z - +2 pair of boots {Stlth+}
Will    +....        p - amulet of faith
Stlth   ++           k - +6 ring of strength
HPRegen 0.48/turn    b - +4 ring of protection
MPRegen 0.18/turn

%: slow self (1%), clarity, faith
@: studying Hexes, invisible
A: walk on water, iridescent scales 1, clarity, cold resistance 1, noise
suppression
a: Renounce Religion, Smiting, Recall Orcish Followers, Give Item to Named
Follower, Resurrection


You were on level 5 of the Vaults.
You worshipped Beogh.
Beogh was exalted by your worship.
You visited 6 branches of the dungeon, and saw 29 of its levels.
You visited 1 bazaar.
You also visited: Bailey.

You collected 3287 gold pieces.
You spent 2749 gold pieces at shops.

Inventory:

Hand Weapons
 P - a +9 war axe of electrocution (weapon)
Missiles
 f - 45 poisoned darts (quivered)
 D - 2 curare-tipped darts
 K - 3 throwing nets
 X - 5 datura-tipped darts
Armour
 c - a +3 tower shield (worn)
 s - a +2 helmet (worn)
 z - a +2 pair of boots of stealth (worn)
 G - the +6 chain mail "Vaefaepati" (worn) {Int+3}
   (You found it on level 7 of the Dungeon)

   Int:       It affects your intelligence (+3).
 H - the +0 cloak of Ysexe (worn) {Dex+4}
   (You bought it in a shop on level 2 of the Orcish Mines)

   Dex:       It affects your dexterity (+4).
 U - the +1 pair of gloves of the Will of the Gods (worn) {*Slow rElec rN+ Int+3}
   (You found it on level 9 of the Dungeon)

   Int:       It affects your intelligence (+3).
   rElec:     It insulates you from electricity.
   rN:        It protects you from negative energy.
   *Slow:     It may slow you when you take damage.
Jewellery
 b - a +4 ring of protection (right hand)
 k - a +6 ring of strength (left hand)
 p - an amulet of faith (around neck)
 x - a +4 ring of protection
 y - a ring of flight
 N - the ring "Rout Ist" {Will+ rCorr Int-3 Dex+3}
   (You bought it in a shop on level 3 of the Vaults)

   [ring of willpower]

   Int:       It affects your intelligence (-3).
   Dex:       It affects your dexterity (+3).
   rCorr:     It protects you from acid and corrosion.
   Will:      It increases your willpower.
 O - a +6 ring of strength
 R - a ring of protection from cold
 S - the ring of Shadows {Umbra +Inv Stlth+}
   (You took it off a tengu warrior on level 13 of the Dungeon)

   [ring of stealth]

   Umbra:     It surrounds you with an aura of shadow, increasing your stealth
   and reducing the accuracy of all others within it.
   +Inv:      It lets you turn invisible.
   Stlth:     It makes you more stealthy.
 V - a +6 ring of intelligence
 Y - a +6 ring of strength
Wands
 n - a wand of flame (32)
 A - a wand of digging (16)
 C - a wand of mindburst (12)
 I - a wand of polymorph (15)
 T - a wand of roots (2)
 Z - a wand of charming (23)
Scrolls
 e - 2 scrolls of enchant weapon
 g - a scroll of summoning
 j - a scroll of fog
 m - 8 scrolls of teleportation
 t - 4 scrolls of fear
 J - a scroll of magic mapping
 M - 8 scrolls of identify
 W - a scroll of amnesia
Potions
 a - 3 potions of haste
 d - 3 potions of curing
 h - 5 potions of attraction
 i - 2 potions of resistance
 l - 6 potions of lignification
 o - 3 potions of berserk rage
 q - 4 potions of brilliance
 r - 6 potions of flight
 B - 4 potions of mutation
 F - a potion of invisibility
Miscellaneous
 E - a lightning rod (4/4)
 L - a condenser vane (inert)
 Q - a phantom mirror (inert)


   Skills:
 + Level 17.8 Fighting
 + Level 21.6 Axes
 + Level 15.2 Armour
 + Level 6.5 Dodging
 + Level 5.7 Stealth
 + Level 17.1 Shields
 + Level 5.3 Invocations
 + Level 3.9 Evocations


You had 17 spell levels left.
You didn't know any spells.
Your spell library contained the following spells:

 Spells                   Type           Power      Damage    Failure   Level
 Apportation              Tloc           0%         N/A       80%         1
 Kiss of Death            Conj/Necr      0%         2d5       80%         1
 Necrotise                Necr           0%         1d4       80%         1
 Summon Small Mammal      Summ           0%         N/A       80%         1
 Cigotuvi's Dreadful Rot  Necr/Pois/Air  0%         N/A       91%         2
 Sublimation of Blood     Necr           0%         N/A       91%         2
 Wereblood                Tmut           0%         N/A       91%         2
 Confusing Touch          Hex            0%         N/A       99%         3
 Frozen Ramparts          Ice            0%         1d1       99%         3
 Ignite Poison            Fire/Tmut/Pois 0%         N/A       99%         3
 Inner Flame              Hex/Fire       0%         N/A       99%         3
 Stone Arrow              Conj/Erth      0%         3d7       99%         3
 Volatile Blastmotes      Fire/Tloc      0%         2d10      99%         3
 Animate Armour           Summ/Erth      0%         N/A       100%        4
 Dispel Undead            Necr           0%         3d6       100%        4
 Flame Wave               Conj/Fire      0%         2d4       100%        4
 Fulminant Prism          Conj/Hex       0%         3d5       100%        4
 Ice Form                 Ice/Tmut       0%         N/A       100%        4
 Iskenderun's Mystic Bla  Conj/Tloc      0%         2d3       100%        4
 Sticky Flame             Conj/Fire      0%         2d3       100%        4
 Summon Ice Beast         Ice/Summ       0%         N/A       100%        4
 Freezing Cloud           Conj/Ice/Air   0%         6-21      100%        5
 Lee's Rapid Deconstruct  Erth           0%         3d4*      100%        5
 Summon Forest            Summ/Tloc      0%         N/A       100%        5
 Summon Mana Viper        Hex/Summ       0%         N/A       100%        5
 Yara's Violent Unravell  Hex/Tmut       0%         3d3       100%        5
 Summon Cactus Giant      Summ           0%         N/A       100%        6
 Enfeeble                 Hex            0%         N/A       100%        7
 Monstrous Menagerie      Summ           0%         N/A       100%        7
 Summon Hydra             Summ           0%         N/A       100%        7
 Lehudib's Crystal Spear  Conj/Erth      0%         10d2      100%        8


Dungeon Overview and Level Annotations

Branches:
Dungeon (15/15)            Temple (1/1) D:5            Lair (5/5) D:9
 Shoals (0/4) Lair:2        Snake (0/4) Lair:3        Slime (0/5) Lair:4
    Orc (2/2) D:10            Elf (0/3) Orc:2        Vaults (5/5) D:14
  Crypt (0/3) Vaults:3     Depths (1/4) D:15         Bailey (visited)

Altars:
Cheibriados
Dithmenos
Gozag
Kikubaaqudgha
Makhleb
Nemelex Xobeh
Qazlal
Sif Muna
Trog
Wu Jian
Yredelemnul
Zin
The Shining One
Beogh
Jiyva

Shops:
D:1 :   D:4 (   D:5 *   D:8 ??   D:13 [   D:14 ?   D:15 (   Orc:2 ([[[
Vaults:3 *   Vaults:4 =

Annotations:
Lair:3 2 transporters, laqueoix's ghost, journeyman FoFi
Vaults:2 Mennas


Innate Abilities, Weirdness & Mutations

You can walk on water.
You are partially covered in iridescent scales. (AC +2)
You possess an exceptional clarity of mind.
Your flesh is cold resistant. (rC+)
You passively dampen the noise of your surroundings.


Message History

* * * LOW HITPOINT WARNING * * *
Something touches you.
* * * LOW HITPOINT WARNING * * *
Your Ice Fiend closely misses the Ice Fiend.
Your Ice Fiend claws the Ice Fiend!
Your Ice Fiend freezes the Ice Fiend.
The Ice Fiend completely resists.
The deep elf sorcerer hits you but does no damage.
You feel better. You block the vault guard's attack.
Something touches you but does no damage.
An orc knight comes into view.
It is wielding a +3 broad axe of freezing.
The deep elf sorcerer hits you but does no damage.
The deep elf annihilator casts a spell.
The deep elf annihilator blinks!
The vault guard hits you but does no damage. x2
The deep troll barely misses you. You block the deep troll's attack.
The deep troll claws you but does no damage.
The vault guard hits you with a +0 war axe!
* * * LOW HITPOINT WARNING * * *
Your Ice Fiend gestures at the Ice Fiend.
The bolt of cold hits the Ice Fiend.
The Ice Fiend completely resists.
The bolt of cold hits something but does no damage.
The orc knight shouts!
Unknown command.
The phantom mirror is presently inert.
Clouds of noxious fumes condense around you!
The condenser dries out!
Something touches you but does no damage.
The deep elf sorcerer is engulfed in noxious fumes.
The deep elf sorcerer appears confused.
You block the deep elf sorcerer's attack.
The vault guard is engulfed in noxious fumes.
The vault guard appears confused.
The deep troll bites you but does no damage.
You block the deep troll's attack. x2
The orc knight is engulfed in noxious fumes.
The deep elf knight is engulfed in noxious fumes.
The deep elf knight appears confused.
The deep elf knight hits something with a +0 short sword!
The vault guard hits you with a +0 great sword!
You die...

.. #....# .e..
#....# . .e..#
#....# ..
....##....# §..
#...#1...#§...
#..u§1.§o.§..
#####..up{§..###
......Tc@p§.....
.......epT<...§.
........<<§p....
.........§.e....
#####.........##
........§§..
...#......###
....#....#.#
.....#....#.#


You could see a cyan very ugly thing (unable to see you), an Ice Fiend
(summoned, ally target), a yaktaur captain (unable to see you), 4 vault guards,
an orc knight (wandering, unable to see you), a deep elf annihilator, a brown
ugly thing (unable to see you), a deep elf sorcerer (fast, confused), 2 deep
trolls, a deep elf knight (wandering, confused, unable to see you), a deep elf
high priest (wandering, unable to see you) and a friendly Ice Fiend (summoned,
drained).

Vanquished Creatures
  2 sphinxes (Vaults:4)
  3 vault wardens
  Aizul (Vaults:1)
  5 ironbound preservers
  2 ironbound thunderhulks
  5 very ugly things
  A vampire knight (Vaults:3)
  An ettin (Vaults:4)
  4 yaktaur captains
  2 great orbs of eyes (Vaults:2)
  12 vault guards
  The ghost of Poluock the Covert, a journeyman DsBr of Uskayaw (D:13)
  A rakshasa (D:13)
  A hydra (Lair:3)
  4 centaur warriors
  An ogre mage (Vaults:3)
  3 ironbound frosthearts
  A catoblepas (Lair:5)
  7 two-headed ogres
  A vampire mage (Vaults:3)
  4 death yaks (Lair:5)
  4 tengu warriors
  A deep elf knight (D:13)
  2 skysharks
  A skeletal warrior (D:11)
  2 wizards
  9 deep trolls (Vaults:1)
  3 deep elf pyromancers
  2 lindwurms (Vaults:3)
  A necromancer (Vaults:3)
  4 ironbound convokers
  An orc knight (Vaults:2)
  19 ugly things
  An orc sorcerer (Orc:2)
  4 elephants
  A fire giant zombie (Vaults:3)
  A cyclops (D:14)
  5 manticores
  2 moths of wrath (D:13)
  2 black mambas
  Joseph (D:7)
  6 vault sentinels
  2 cane toads
  An unseen horror (D:12)
  2 gargoyles
  2 kobold demonologists
  3 rime drakes
  2 komodo dragons
  14 yaktaurs
  2 efreet
  3 tengu conjurers (D:14)
  A yaktaur skeleton (Vaults:3)
  8 trolls
  A merfolk (D:15)
  Prince Ribbit (D:7)
  3 meliai (D:13)
  2 hornets (D:10)
  A wind drake (Lair:2)
  5 blink frogs
  16 slime creatures
  A spriggan (Lair:4)
  Sigmund (D:5)
  2 shadows (D:12)
  4 basilisks
  11 humans (D:14)
  A wraith (D:12)
  22 yaks
  A steam dragon (D:8)
  5 wyverns
  12 vampire mosquitoes
  A warg (D:15)
  A glowing shapeshifter zombie (Vaults:4)
  2 nagas (Lair:3)
  7 water moccasins
  Duvessa (D:5)
  An ice beast (D:6)
  A human zombie (Vaults:4)
  7 orc warriors
  2 sky beasts
  2 black bears
  6 ogres
  16 wolves
  5 boggarts (Vaults:1)
  6 centaurs
  2 kobold brigands
  8 bullfrogs
  Blork the orc (D:5)
  2 gnoll sergeants
  Dowan (D:5)
  8 wights
  A troll zombie (D:10)
  2 killer bees (D:9)
  4 electric eels (Bailey)
  2 howler monkeys
  2 orc priests
  4 gnoll boudas
  11 jellies
  Crazy Yiuf (D:2)
  5 hounds
  A sleepcap (D:7)
  2 iguanas (D:5)
  11 orc wizards
  An ogre zombie (D:10)
  A boggart simulacrum (D:14)
  32 gnolls
  6 adders
  A white imp (D:6)
  An ufetubus (D:6)
  A dart slug (D:4)
  24 orcs
  6 endoplasms
  3 giant cockroaches
  10 goblins
  7 hobgoblins
  5 quokkas
  4 ball pythons
  4 bats
  2 frilled lizards
  A goblin zombie (D:10)
  2 hobgoblin skeletons (D:10)
  A hobgoblin zombie (D:10)
  14 kobolds
  An orc skeleton (D:10)
  6 orc zombies (D:10)
  4 rats
526 creatures vanquished.

Vanquished Creatures (collateral kills)
  Jory (Vaults:3)
  A golden dragon (Vaults:4)
  Jorgrun (D:13)
  A sphinx (Vaults:4)
  A tengu reaver (Vaults:2)
  A revenant (Vaults:3)
  4 vault wardens
  2 orc warlords
  4 ironbound preservers
  3 very ugly things
  4 ironbound thunderhulks
  A deep elf annihilator (Vaults:5)
  3 dire elephants
  An ettin (Vaults:4)
  A crystal guardian (Vaults:4)
  A great orb of eyes (Vaults:2)
  An entropy weaver (Vaults:4)
  4 yaktaur captains
  8 vault guards (Vaults:4)
  A catoblepas (Lair:5)
  3 hydras
  2 peacekeepers
  A death knight (D:14)
  5 boulder beetles
  3 centaur warriors
  8 death yaks (Lair:5)
  2 two-headed ogres
  An ironbound frostheart (Vaults:4)
  A deep troll shaman (Lair:5)
  2 tengu warriors
  An orc high priest (Orc:2)
  2 skeletal warriors (D:11)
  11 deep trolls
  A lindwurm (Lair:4)
  3 orc knights
  2 necromancers
  7 ironbound convokers
  2 wizards
  4 cyclopes
  A wolf spider (D:12)
  2 manticores
  2 orc sorcerers (Orc:2)
  16 ugly things
  5 black mambas
  2 human skeletons
  14 elephants
  8 vault sentinels
  A torpor snail (Lair:3)
  6 cane toads
  2 kobold demonologists
  2 efreet
  16 yaktaurs
  A yaktaur zombie (Vaults:3)
  A rime drake (Lair:5)
  2 freezing wraiths (D:14)
  4 komodo dragons
  A yaktaur skeleton (Vaults:3)
  8 trolls
  3 polar bears
  10 blink frogs
  A dream sheep (Lair:4)
  An ettin zombie (Vaults:4)
  A spriggan (Lair:4)
  12 slime creatures
  46 yaks
  3 wraiths
  A shadow (D:10)
  5 humans (D:14)
  2 basilisks (D:12)
  3 steam dragons
  2 wyverns
  5 vampire mosquitoes
  3 wargs
  2 acid dragons
  4 water moccasins
  9 orc warriors
  7 ogres
  11 wolves
  5 centaurs
  2 boggarts (Vaults:1)
  2 phantoms (D:10)
  3 bullfrogs
  A gnoll sergeant (D:11)
  A troll zombie (D:10)
  2 killer bees (D:9)
  A howler monkey (D:12)
  2 electric eels
  7 jellies (Lair:4)
  7 orc priests
  4 orc wizards
  3 ogre zombies (D:10)
  5 gnolls
  A river rat (shapeshifter) (Vaults:4)
  22 orcs
  3 goblins
  6 hobgoblins (Bailey)
  2 goblin zombies (D:10)
  3 hobgoblin zombies (D:10)
  An orc skeleton (D:10)
  2 orc zombies (D:10)
  A butterfly (Lair:2)
416 creatures vanquished.

Vanquished Creatures (others)
  An orc warlord (Vaults:2)
  An ironbound preserver (Vaults:5)
  2 very ugly things (Vaults:5)
  An orc sorcerer (D:13)
  An orc high priest (D:13)
  A deep troll (Vaults:5)
  A lindwurm (Vaults:3)
  4 orc knights
  An ugly thing (Vaults:5)
  26 orc warriors
  12 orc wizards
  13 orc priests
  63 orcs
127 creatures vanquished.

Grand Total: 1069 creatures vanquished

Notes
Turn   | Place    | Note
-------+----------+-------------------------------------------
     0 | D:1      | Nedac819 the Hill Orc Fighter began the quest for the Orb.
     0 | D:1      | Reached XP level 1. HP: 19/19 MP: 1/1
    93 | D:1      | Reached XP level 2. HP: 22/27 MP: 2/2
   147 | D:1      | Reached skill level 3 in Axes
   187 | D:1      | Found Xagofir's Book Shop.
   377 | D:1      | Reached XP level 3. HP: 30/33 MP: 3/3
  1091 | D:2      | Found a runed translucent door.
  1092 | D:2      | Noticed Crazy Yiuf
  1167 | D:2      | Found a faded altar of an unknown god.
  1379 | D:2      | Reached XP level 4. HP: 39/40 MP: 4/4
  1484 | D:2      | Killed Crazy Yiuf
  1485 | D:2      | Reached skill level 4 in Axes
  1608 | D:3      | Gained mutation: You are somewhat resistant to further
                  | mutation. [potion of mutation]
  1609 | D:3      | Lost mutation: You are somewhat resistant to further
                  | mutation. [potion of mutation]
  1609 | D:3      | Gained mutation: You expend magic power (3 MP) to
                  | strengthen your wands. [potion of mutation]
  1609 | D:3      | Gained mutation: You possess an exceptional clarity of
                  | mind. [potion of mutation]
  1609 | D:3      | Gained mutation: Your magical capacity is low. (-10% MP)
                  | [potion of mutation]
  1609 | D:3      | Gained mutation: You are agile. (Dex +4, Str/Int -1)
                  | [potion of mutation]
  1610 | D:3      | Lost mutation: You are agile. (Dex +4, Str/Int -1) [potion
                  | of mutation]
  1610 | D:3      | Lost mutation: Your magical capacity is low. (-10% MP)
                  | [potion of mutation]
  1610 | D:3      | Gained mutation: Your flesh is cold resistant. (rC+)
                  | [potion of mutation]
  1610 | D:3      | Gained mutation: Armour fits poorly on your strangely
                  | shaped body. [potion of mutation]
  1610 | D:3      | Gained mutation: You are frail. (-10% HP) [potion of
                  | mutation]
  1847 | D:3      | Reached XP level 5. HP: 42/42 MP: 5/5
  1925 | D:3      | Became a worshipper of Beogh the Brigand
  2432 | D:3      | Found a glowing silver altar of Zin.
  2432 | D:3      | Found a shimmering blue altar of Sif Muna.
  2637 | D:4      | Noticed a wyvern
  2641 | D:4      | Killed a wyvern
  2642 | D:4      | Reached skill level 5 in Axes
  2642 | D:4      | Reached skill level 5 in Armour
  2642 | D:4      | Reached skill level 1 in Dodging
  2642 | D:4      | Reached XP level 6. HP: 39/47 MP: 6/6
  2693 | D:4      | Found Zas Jutt's Weapon Shoppe.
  3176 | D:4      | Reached skill level 6 in Axes
  3413 | D:5      | Entered Level 5 of the Dungeon
  3424 | D:5      | Reached XP level 7. HP: 47/54 MP: 7/7
  3433 | D:5      | Reached * piety under Beogh
  3438 | D:5      | Noticed Sigmund
  3702 | D:5      | Lost mutation: Armour fits poorly on your strangely shaped
                  | body. [potion of mutation]
  3702 | D:5      | Lost mutation: You are frail. (-10% HP) [potion of
                  | mutation]
  3702 | D:5      | Gained mutation: You are partially covered in iridescent
                  | scales. (AC +2) [potion of mutation]
  3702 | D:5      | Lost mutation: You expend magic power (3 MP) to strengthen
                  | your wands. [potion of mutation]
  3702 | D:5      | Gained mutation: You passively dampen the noise of your
                  | surroundings. [potion of mutation]
  3727 | D:5      | Reached skill level 7 in Axes
  3793 | D:5      | Found a staircase to the Ecumenical Temple.
  3802 | Temple   | Entered the Ecumenical Temple
  3815 | D:5      | Noticed Blork the orc
  3817 | D:5      | Found Zuch's General Store.
  3826 | D:5      | Killed Blork the orc
  3851 | D:5      | Noticed Duvessa
  3852 | D:5      | Noticed Dowan
  3865 | D:5      | Killed Duvessa
  3866 | D:5      | Reached skill level 5 in Fighting
  3875 | D:5      | Killed Dowan
  3876 | D:5      | Reached XP level 8. HP: 32/69 MP: 8/8
  4051 | D:5      | HP: 3/70 [gnoll/+0 flail[a gnoll bouda] (11)]
  4414 | D:5      | Found an opulent altar of Gozag.
  4414 | D:5      | Found a sparkling altar of Nemelex Xobeh.
  4471 | D:5      | Reached skill level 8 in Axes
  4494 | D:5      | Killed Sigmund
  4813 | D:6      | Reached ** piety under Beogh
  4866 | D:6      | Reached skill level 9 in Axes
  4935 | D:6      | Reached skill level 5 in Shields
  5076 | D:6      | Reached XP level 9. HP: 71/78 MP: 9/9
  5141 | D:6      | Reached skill level 10 in Axes
  5660 | D:7      | Reached *** piety under Beogh
  5709 | D:7      | Identified the +6 chain mail "Vaefaepati" {Int+3}
  5735 | D:7      | Noticed a troll
  5742 | D:7      | Killed a troll
  5743 | D:7      | Reached skill level 11 in Axes
  5743 | D:7      | Reached skill level 1 in Stealth
  5893 | D:7      | Noticed Joseph
  5904 | D:7      | Killed Joseph
  6043 | D:7      | Noticed Prince Ribbit
  6070 | D:7      | Killed Prince Ribbit
  6071 | D:7      | Reached skill level 12 in Axes
  6071 | D:7      | Reached XP level 10. HP: 31/86 MP: 10/10
  6410 | D:8      | Found an ornate altar of the Wu Jian Council.
  6558 | D:8      | Reached **** piety under Beogh
  6825 | D:8      | Found Jojydeelum's Magic Scroll Shoppe.
  6836 | D:8      | Bought a scroll of identify for 28 gold pieces
  6836 | D:8      | Bought a scroll of enchant armour for 105 gold pieces
  7249 | D:8      | Found Menober's Magic Scroll Boutique.
  7260 | D:8      | Bought a scroll of enchant weapon for 82 gold pieces
  7260 | D:8      | Bought a scroll of identify for 22 gold pieces
  7599 | D:9      | Reached skill level 13 in Axes
  7655 | D:9      | Found a glowing golden altar of the Shining One.
  7657 | D:9      | Noticed an angel
  7671 | D:9      | Found a basalt altar of Yredelemnul.
  8394 | D:9      | Found a staircase to the Lair.
  8623 | D:9      | Found a snail-covered altar of Cheibriados.
  8728 | D:9      | Gained Spirok as an ally
  9554 | D:9      | Reached skill level 14 in Axes
  9579 | D:9      | Identified the +1 pair of gloves of the Will of the Gods
                  | {*Slow rElec rN+ Int+3}
 10079 | Lair:1   | Entered Level 1 of the Lair of Beasts
 10089 | Lair:1   | Noticed a cane toad
 10092 | Lair:1   | Killed a cane toad
 10097 | Lair:1   | Noticed a cane toad
 10101 | Lair:1   | Reached skill level 1 in Evocations
 10102 | Lair:1   | Reached XP level 11. HP: 90/94 MP: 11/11
 10321 | Lair:1   | Reached skill level 1 in Invocations
 10325 | Lair:1   | Reached ***** piety under Beogh
 10531 | Lair:1   | Reached skill level 10 in Armour
 10627 | Lair:1   | Identified the +1 spear "Dadic" {holy, Will+ Str+3}
 10646 | Lair:1   | Reached skill level 15 in Axes
 11718 | Lair:2   | Gained Borgoth as an ally
 11814 | Lair:2   | Noticed a skyshark
 11821 | Lair:2   | Killed a skyshark
 11875 | Lair:2   | Identified the +3 glaive of the Spectre {venom, rCorr Str+3
                  | SInv}
 11907 | Lair:2   | Reached skill level 16 in Axes
 11910 | Lair:2   | Reached XP level 12. HP: 87/104 MP: 13/13
 12193 | Lair:2   | Found a staircase to the Shoals.
 12361 | Lair:2   | Identified the +0 leather armour of Conscience {Slay+3}
 12569 | Lair:3   | Reached skill level 10 in Fighting
 12602 | Lair:3   | Noticed a four-headed hydra
 12619 | Lair:3   | Killed a ten-headed hydra
 12907 | Lair:3   | Reached skill level 17 in Axes
 12915 | Lair:3   | Found a staircase to the Snake Pit.
 12924 | Lair:3   | Reached ****** piety under Beogh
 13111 | Lair:3   | Gained Bogric as an ally
 13144 | Lair:3   | Found a transporter.
 13159 | Lair:3   | Noticed laqueoix's ghost (journeyman FoFi)
 13174 | Lair:3   | Noticed a death yak
 13182 | Lair:3   | Found a transporter.
 13482 | Lair:3   | Noticed a six-headed hydra
 13487 | Lair:3   | Killed a seven-headed hydra
 13588 | Lair:3   | Reached XP level 13. HP: 103/115 MP: 14/14
 14387 | Lair:4   | Gained Wargrak as an ally
 14388 | Lair:4   | Found a staircase to the Slime Pits.
 14389 | Lair:4   | Found a viscous altar of Jiyva.
 14847 | Lair:5   | Entered Level 5 of the Lair of Beasts
 15440 | Lair:5   | Reached skill level 18 in Axes
 15484 | Lair:5   | Noticed a dire elephant
 15489 | Lair:5   | Killed a dire elephant
 15511 | Lair:5   | Identified the +0 robe of the Moon {Rampage rElec rPois
                  | Will-}
 16148 | D:10     | Entered Level 10 of the Dungeon
 16216 | D:10     | Found a staircase to the Orcish Mines.
 16310 | Orc:1    | Entered Level 1 of the Orcish Mines
 16310 | Orc:1    | Found a roughly hewn altar of Beogh.
 16351 | D:10     | Identified a scroll of acquirement
 16351 | D:10     | Acquired a +2 pair of boots of stealth
 16372 | D:10     | Identified the +0 plate armour of Awe {rF+ rCorr Slay+5}
 16531 | D:10     | Reached XP level 14. HP: 127/127 MP: 15/15
 16539 | D:10     | Found a flagged portal.
 16546 | Bailey   | Entered a bailey
 16772 | Bailey   | Gained Marbaugh as an ally
 17581 | Bailey   | Found an iron altar of Okawaru.
 17796 | Bailey   | Gained Gorg as an ally
 18048 | Orc:2    | Entered Level 2 of the Orcish Mines
 18096 | Orc:2    | Noticed Saint Roka
 18497 | Orc:2    | Acquired a +7 war axe of flaming
 18701 | Orc:2    | Noticed an orc warlord
 18702 | Orc:2    | Found Soistirif's Antique Armour Shop.
 18703 | Orc:2    | Found a roughly hewn altar of Beogh.
 18704 | Orc:2    | Found Iturr's Antique Weapon Boutique.
 18710 | Orc:2    | Killed an orc warlord
 18717 | Orc:2    | Bought a jewelled scarf for 210 gold pieces
 18717 | Orc:2    | Identified the scarf "Barph" {rC+ rF+, Dex+4} (You bought
                  | it in a shop on level 2 of the Orcish Mines)
 18949 | Orc:2    | Found a roughly hewn altar of Beogh.
 19031 | Orc:2    | Found a roughly hewn altar of Beogh.
 19067 | Orc:2    | Found a staircase to the Elven Halls.
 19094 | Orc:2    | Found a roughly hewn altar of Beogh.
 19095 | Orc:2    | Found Budom's Antique Armour Shop.
 19107 | Orc:2    | Bought a masterwork plate armour for 840 gold pieces
 19107 | Orc:2    | Identified the +0 plate armour of Ignis's Envy {rElec
                  | Slay-3 Stlth+} (You bought it in a shop on level 2 of the
                  | Orcish Mines)
 19187 | Orc:2    | Found a roughly hewn altar of Beogh.
 19240 | Orc:2    | Found a roughly hewn altar of Beogh.
 19241 | Orc:2    | Found Qumoot's Antique Armour Emporium.
 19250 | Orc:2    | Bought a heavily runed cloak for 152 gold pieces
 19250 | Orc:2    | Identified the +0 cloak of Ysexe {Dex+4} (You bought it in
                  | a shop on level 2 of the Orcish Mines)
 19427 | Orc:2    | Found a roughly hewn altar of Beogh.
 19464 | Orc:2    | Found a roughly hewn altar of Beogh.
 19870 | D:10     | Reached skill level 10 in Shields
 20395 | D:11     | Gained Olfik as an ally
 20441 | D:11     | Found a flickering gateway to a bazaar.
 20458 | Bazaar   | Entered a bazaar
 20458 | Bazaar   | Found Jankiogg's Book Shoppe.
 20462 | Bazaar   | Found Lioroj's Antique Armour Emporium.
 20496 | Bazaar   | Found Pisilas's Jewellery Boutique.
 20536 | Bazaar   | Found Vam Zon's Antique Armour Shop.
 20578 | Bazaar   | Bought a shiny helmet for 202 gold pieces
 20578 | Bazaar   | Bought a glowing chain mail for 202 gold pieces
 20618 | D:11     | Reached skill level 5 in Dodging
 20618 | D:11     | Reached XP level 15. HP: 136/136 MP: 16/18
 20773 | D:11     | Found a burning altar of Makhleb.
 20998 | D:11     | You fall into a shaft and drop 2 floors!
 20998 | D:13     | Found Fetremey's Armour Boutique.
 21150 | D:13     | Noticed Poluock's ghost (journeyman DsBr)
 21170 | D:13     | Found a transporter.
 21173 | D:13     | Found a transporter.
 21179 | D:13     | Reached skill level 19 in Axes
 21180 | D:13     | Found a bloodstained altar of Trog.
 21189 | D:13     | Your ally Olfik died
 21213 | D:13     | Your ally Gorg died
 21214 | D:13     | Killed Jorgrun
 22383 | D:13     | Your ally Borgoth died
 22474 | D:13     | Found a roughly hewn altar of Beogh.
 22868 | D:13     | Killed Poluock's ghost
 22869 | D:13     | Reached XP level 16. HP: 119/147 MP: 15/19
 23023 | D:14     | Found a gate to the Vaults.
 23437 | D:14     | Gained Bogfrid as an ally
 23804 | D:14     | Found Cudir's Magic Scroll Shoppe.
 23812 | D:14     | Bought a scroll of enchant armour for 105 gold pieces
 23812 | D:14     | Bought a scroll of enchant armour for 105 gold pieces
 23812 | D:14     | Bought a scroll of magic mapping for 105 gold pieces
 23812 | D:14     | Bought a scroll of enchant weapon for 105 gold pieces
 24209 | D:14     | Found a shadowy altar of Dithmenos.
 24362 | D:15     | Entered Level 15 of the Dungeon
 24751 | D:15     | Found Kimuus's Antique Weapon Shoppe.
 24759 | D:15     | Bought a faintly glowing shortbow for 296 gold pieces
 24759 | D:15     | Identified the +4 shortbow "Xyuneelo" {elec, Fragile rCorr
                  | Str+4} (You bought it in a shop on level 15 of the Dungeon)
 24832 | D:15     | Gained Gorg as an ally
 24850 | D:15     | Identified the +7 spear of Resonant Valour {heavy, Int+3
                  | Dex+3}
 25191 | D:15     | Reached skill level 20 in Axes
 25192 | D:15     | Reached skill level 15 in Fighting
 25620 | D:15     | Found a staircase to the Depths.
 25806 | Depths:1 | Entered Level 1 of the Depths
 25968 | Vaults:1 | Entered Level 1 of the Vaults
 26733 | Vaults:1 | Reached XP level 17. HP: 141/156 MP: 20/20
 26804 | Vaults:1 | Noticed Aizul
 26813 | Vaults:1 | Killed Aizul
 27251 | Vaults:1 | Reached skill level 15 in Shields
 27604 | Vaults:2 | Noticed Mennas
 28347 | Vaults:2 | Gained Rocco as an ally
 28572 | Vaults:2 | Reached skill level 5 in Stealth
 28642 | Vaults:2 | Reached skill level 5 in Invocations
 28643 | Vaults:2 | Your ally Wargrak died
 28679 | Vaults:2 | Gained Boghold as an ally
 29061 | Vaults:3 | Found a staircase to the Crypt.
 29290 | Vaults:3 | Noticed Jory
 29299 | Vaults:3 | Killed Jory
 29402 | Vaults:3 | Reached skill level 21 in Axes
 29416 | Vaults:3 | Found Muunawn's Assorted Antiques.
 29445 | Vaults:3 | Identified the +0 robe "Ulewn" {rElec rC+ Will+ Dex+3}
 29462 | Vaults:3 | Bought an ancient brass ring for 190 gold pieces
 29462 | Vaults:3 | Identified the ring "Rout Ist" {Will+ rCorr Int-3 Dex+3}
                  | (You bought it in a shop on level 3 of the Vaults)
 30829 | Vaults:4 | Reached skill level 15 in Armour
 30848 | Vaults:4 | Reached XP level 18. HP: 150/169 MP: 22/22
 31137 | Vaults:4 | Noticed a golden dragon
 31171 | Vaults:4 | Killed a golden dragon
 31337 | Vaults:4 | Found Ufoaturu's Jewellery Emporium.
 31348 | Vaults:4 | Gained Olfik as an ally
 31893 | Vaults:5 | Entered Level 5 of the Vaults
 32225 | Vaults:5 | Noticed a dread lich
 32758 | Vaults:4 | Gained Borgoth as an ally
 32758 | Vaults:4 | Gained Herok as an ally
 33112 | Vaults:5 | Paralysed by a dread lich for 4 turns
 33115 | Vaults:5 | Noticed an Ice Fiend
 33121 | Vaults:5 | HP: 3/170 [vault guard/+0 war axe (15)]
 33126 | Vaults:5 | Slain by a vault guard

Illustrated notes

Levels and vault maps discovered:
D:1:      tarquinn_simple_flora_water_a, layout_rooms, serial_shops,
          nicolae_shop_pleasant_corner_grove, minmay_misc_feat_hallway,
          dreamdust_princess_corridor
D:2:      cheibrodos_helix_gallery, layout_loops_ring,
          dreamdust_ecumenical_altar_statues, uniq_crazy_yiuf_cottage
D:3:      layout_basic, mainiacjoe_overflow_divided_tiny
D:4:      layout_loops_ring, serial_shops, shop, kennysheep_cluttered_room
D:5:      layout_gridville, grunt_temple_overflow_opulence, serial_shops,
          nicolae_shop_statue_plus, uniq_blork_the_orc, uniq_duvessa,
          uniq_sigmund
D:6:      layout_loops_cross
D:7:      layout_rooms, minmay_checkerbox, uniq_prince_ribbit1, uniq_joseph
D:8:      layout_basic, old_standard_altar, serial_shops, shop,
          nicolae_shop_waterfront, serial_aquarium, aquarium_bridge_straight
          [aquarium_subvault_bridge, aquarium_subvault_window,
          aquarium_subvault_bridge, aquarium_subvault_wall],
          aquarium_bridge_square [aquarium_subvault_bridge,
          aquarium_subvault_wall, aquarium_subvault_balcony,
          aquarium_subvault_bridge], aquarium_window_2, aquarium_window_fake,
          aquarium_view_2d
D:9:      layout_irregular_city, cheibriados_altar_1,
          grunt_temple_overflow_holy_war, due_lair_maze_entry_diamond,
          serial_co_window_serial, co_window_paths_b, co_window_paths_a,
          co_window_corner_a, co_window_paths_b, co_window_corner_a,
          co_window_of_opportunity_a, co_window_paths_b, co_window_broadway_b,
          co_window_2corner, co_window_unsneaky_path_c, co_window_corner_ca,
          co_window_unsneaky_path_b, co_window_paths_d
D:10:     layout_roguey, zombieorc1_lemuel, enter_bailey_4,
          hangedman_decor_peaks_small
D:11:     layout_long_grid, serial_shops, bzr_entry_gold,
          makhleb_altar_promises_db
D:12:     minmay_big_diamond_grid, layout_basic
D:13:     layout_roguey [special_room_orc], gammafunk_ghost_wrathful_warriors,
          serial_shops, nicolae_square_shop, uniq_jorgrun
D:14:     layout_loops_ring, david_vaults_3, grunt_dithmenos_smoke_and_mirrors,
          serial_shops, shop
D:15:     hangedman_depths_entry_try_elsewhere_first, layout_irregular_city,
          serial_shops, nicolae_shop_advertising_works
          [nicolae_subvault_shop_adworks], grunt_decor_cap
Temple:   dpeg_chambers_temple
Lair:1:   layout_cellular_growth
Lair:2:   layout_loops_ring, minmay_shoals_entry_beasts, grunt_megastairs_4,
          lemuel_fruit_fields, infiniplex_staircase_pool
Lair:3:   layout_small_grid, guppyfry_snake_entry_garden, nzn_ghost_randoct,
          nicolae_quartered_pool_impasse, serial_bayou_crossing
Lair:4:   wad_woods_tower, layout_big_grid, minmay_slime_entry_jelly_boxes,
          lemuel_fruit_tree
Lair:5:   grunt_lair_end_beastmaster, layout_gridlike, grunt_megastairs_5
Orc:1:    layout_caves, basic_altar
Orc:2:    grunt_orc_community_town_hall, layout_caves,
          grunt_orc_community_big_house_1, grunt_orc_community_big_house_1,
          grunt_orc_community_house_3, grunt_orc_community_house_2,
          grunt_orc_community_house_3, grunt_orc_community_house_2,
          grunt_orc_community_house_3, grunt_orc_community_house_2,
          nicolae_orc_damp_corner, uniq_saint_roka
Vaults:1: hangedman_vaults_capsules, v_misc_29, v_misc_28, vaults_room_grid,
          ontoclasm_vaults_fault, vaults_dpeg_encased_lava, vaults_room_hallway,
          nicolae_vaults_cochlea, nicolae_vaults_diamond_1,
          hangedman_vaults_trim, nicolae_vaults_mini_display_case,
          layout_vaults_ring, uniq_aizul
Vaults:2: ontoclasm_vaults_twist, nicolae_vaults_security_offices_5,
          vaults_room_door_hall, nicolae_vaults_more_shelving_2, v_misc_16,
          v_misc_26, v_misc_33, v_misc_5, nicolae_vaults_surprise_closet,
          ontoclasm_vaults_ring_small, nicolae_vaults_hexular_roomagon,
          nicolae_vaults_offset_grid_hallway_2, layout_vaults_omnibox,
          serial_shops, nicolae_shop_window_shopping, uniq_mennas
Vaults:3: minmay_crypt_entry_simple_sparse, nicolae_vaults_shrinking_rooms_1,
          nicolae_vaults_variable_pillar_hall, grunt_vaults_hallway_short,
          v_misc_25, nicolae_vaults_six-pack, nicolae_vaults_tetromino_L_1,
          layout_vaults_big_room, serial_shops, nicolae_shop_tiny_glass,
          uniq_jory
Vaults:4: nicolae_vaults_little_squares_4, v_alt_pattern_2, vaults_room_corners,
          ontoclasm_vaults_gateway, v_alt_pattern_6,
          nicolae_vaults_storage_closets_2, nicolae_vaults_security_offices_6,
          nicolae_vaults_variable_pillar_hall, nicolae_vaults_house_2,
          layout_vaults_quadrants, serial_shops, nicolae_lakefront_shop
Vaults:5
Depths:1: layout_gridlike, serial_shops, shop, grunt_mini_vestibule,
          hex_intersection, abyss_entry, nicolae_blasting_shop,
          nrook_loot_triangle, kennysheep_small_spiral,
          kennysheep_generic_room_6

Skill      XL: |  1  2  3  4  5  6  7  8  9 10 11 12 13 14 15 16 17 18 |
---------------+-------------------------------------------------------+-----
Axes           | 3 4 5 6 7 9 12 14 16 17 18 19 20 21 | 21.6
Fighting       | 4 5 6 7 8 9 10 12 13 14 15 17 | 17.8
Armour         | 4 5 7 8 9 11 12 13 14 15 | 15.2
Shields        | 4 5 6 7 9 10 12 14 16 17 | 17.1
Dodging        | 1 2 3 4 5 6 |  6.5
Stealth        | 1 2 3 4 5 |  5.7
Evocations     | 1 2 3 |  3.9
Invocations    | 1 2 4 5 |  5.3

Action                     |  1- 3 |  4- 6 |  7- 9 | 10-12 | 13-15 | 16-18 || total
---------------------------+-------+-------+-------+-------+-------+-------++-------
  Melee: War axe           |    87 |    75 |   211 |   249 |   462 |   705 ||  1789
         Battleaxe         |       |       |    67 |    88 |       |       ||   155
 Invoke: Convert to Beogh  |       |     1 |       |       |       |       ||     1
         Recall Orcish Fol |       |       |       |     6 |    14 |    20 ||    40
         Give Item to Name |       |       |       |     3 |     5 |     6 ||    14
         Stop Recall       |       |       |       |       |     5 |     7 ||    12
         Resurrection      |       |       |       |       |     2 |       ||     2
  Evoke: Wand              |       |       |     1 |    21 |     8 |     4 ||    34
         Phantom mirror    |       |       |       |     2 |     2 |     2 ||     6
         Lightning rod     |       |       |       |       |       |     4 ||     4
         Condenser vane    |       |       |       |       |       |     2 ||     2
    Use: Scroll            |     3 |     2 |     6 |    13 |    17 |    11 ||    52
         Potion            |       |     3 |     5 |     3 |     7 |    16 ||    34
   Stab: Distracted        |       |       |       |     3 |     9 |    14 ||    26
         Confused          |       |       |       |       |       |     1 ||     1
 Armour: Scale mail        |    55 |    34 |   113 |       |       |       ||   202
         Chain mail        |       |       |    41 |   268 |   219 |   303 ||   831
  Dodge: Dodged            |    46 |    33 |   151 |   156 |   111 |   193 ||   690
  Block: Buckler           |    17 |    16 |    56 |    35 |       |       ||   124
         Tower shield      |       |       |       |    96 |   389 |   680 ||  1165
